 Dungeon Sprint DCSS version 0.26-a0-966-gd078a86f14 (webtiles) character file.

Game seed: 13276724729257190794

193609 mhtbhm the Axe Maniac (level 18, -2/300 HPs)
             Began as a Minotaur Berserker on Dec 3, 2020.
             Was the Champion of Trog.
             Killed from afar by a hellion (15 damage)
             ... with damnation
             ... in the Dungeon (Sprint V: "Ziggurat Sprint").
             The game lasted 00:29:27 (5495 turns).

mhtbhm the Axe Maniac (Minotaur Berserker)          Turns: 5495, Time: 00:29:27

Health: -2/300     AC: 47    Str: 32    XL:     18   Next: 7%
Magic:  17/17      EV: 19    Int:  4    God:    Trog [******]
Gold:   0          SH:  0    Dex:  9    Spells: 17/17 levels left

rFire    + + +     SeeInvis .   x - +9 executioner's axe (vorpal)
rCold    + + +     Faith    .   (shield currently unavailable)
rNeg     + + +     Spirit   .   b - +5 gold dragon scales
rPois    +         Reflect  .   g - +0 hat "Biulosir" {+Inv rElec rF+++ Int-2}
rElec    +         Harm     .   O - scarf {repulsion}
rCorr    +         Rampage  .   E - +2 pair of gloves of Gyulod {*Contam rC+ Stlth+}
MR       +++..     NoTele   +   N - +1 pair of boots of Pride {rElec rC+ rCorr Int+2}
Stlth    ..........             C - amulet of Epnosec {Acrobat rF+ rN+ Str+3 Dex-4}
HPRegen  1.60/turn              k - ring of Zebenug {*Contam rN++ Dex+2 Stlth-}
MPRegen  0.15/turn              M - ring of Robustness {AC+8}

@: berserking (expiring), regenerating, hasted (expiring), studying 2 skills,
repel missiles, very quick
A: retaliatory headbutt, horns 2
a: Berserk, Trog's Hand, Brothers in Arms, Renounce Religion, Evoke Invisibility


You were in the Dungeon.
You worshipped Trog.
Trog was exalted by your worship.
You visited 1 branch

Inventory:

Hand Weapons
 a - the +11 battleaxe "Jasur" {vorpal, rC+ rN++ MR- Int+3}
   (Trog gifted it to you in the Dungeon)

   It inflicts extra damage upon your enemies.
   It affects your intelligence (+3).
   It protects you from cold.
   It greatly protects you from negative energy.
   It affects your resistance to hostile enchantments.
 u - a +9 executioner's axe of electrocution
 x - a +9 vorpal executioner's axe (weapon)
 F - the +10 broad axe of Vautoz {vorpal, MR+}
   (You found it in the Dungeon)

   It inflicts extra damage upon your enemies.
   It affects your resistance to hostile enchantments.
Armour
 b - +5 gold dragon scales (worn)
 f - a +1 cloak of preservation
 g - the +0 hat "Biulosir" (worn) {+Inv rElec rF+++ Int-2}
   (You found it in the Dungeon)

   It affects your intelligence (-2).
   It renders you almost immune to fire.
   It insulates you from electricity.
   It lets you turn invisible.
 E - the +2 pair of gloves of Gyulod (worn) {*Contam rC+ Stlth+}
   (You found it in the Dungeon)

   It protects you from cold.
   It causes magical contamination when unequipped.
   It makes you more stealthy.
 K - a +2 pair of gloves of strength
 N - the +1 pair of boots of Pride (worn) {rElec rC+ rCorr Int+2}
   (You found it in the Dungeon)

   It affects your intelligence (+2).
   It protects you from cold.
   It insulates you from electricity.
   It provides partial protection from all sources of acid and corrosion.
 O - a scarf of repulsion (worn)
Jewellery
 k - the ring of Zebenug (left hand) {*Contam rN++ Dex+2 Stlth-}
   (You took it off a black draconian in the Dungeon)

   [ring of attention]

   It affects your dexterity (+2).
   It greatly protects you from negative energy.
   It causes magical contamination when unequipped.
   It makes you less stealthy.
 C - the amulet of Epnosec (around neck) {Acrobat rF+ rN+ Str+3 Dex-4}
   (You found it in the Dungeon)

   [amulet of the acrobat]

   It helps you evade while moving and waiting.
   It affects your strength (+3).
   It affects your dexterity (-4).
   It protects you from fire.
   It protects you from negative energy.
 G - the ring of Sovaig {rElec rF+ rN++ MR- Int+4}
   (You took it off a black draconian in the Dungeon)

   [ring of protection from fire]

   It affects your intelligence (+4).
   It protects you from fire.
   It insulates you from electricity.
   It greatly protects you from negative energy.
   It affects your resistance to hostile enchantments.
 M - the ring of Robustness (right hand) {AC+8}
   (You took it off a black draconian in the Dungeon)

   [ring of protection]

   It affects your AC (+8).
Wands
 y - a wand of disintegration (7)
 z - a wand of iceblast (7)
 A - a wand of acid (7)
Scrolls
 h - a scroll of blinking
 n - a scroll of holy word
 o - a scroll of identify
 p - 3 scrolls of remove curse
 q - 2 scrolls of fear
 P - 6 scrolls of enchant weapon
Potions
 c - 8 potions of curing
 e - 7 potions of haste
 i - a potion of invisibility
 j - 4 potions of resistance
 l - 4 potions of might
 H - 3 potions of berserk rage
Books
 w - a manual of Shields
 Q - a manual of Stealth
Miscellaneous
 r - a tin of tremorstones (2/2)
 t - a condenser vane
 v - a phantom mirror
 B - a phantom mirror
 D - a phantom mirror
 I - a phantom mirror
 J - a phantom mirror
 R - a phantom mirror
 S - a phantom mirror


   Skills:
 O Level 27 Fighting
 O Level 27 Axes
 O Level 27 Armour
 O Level 27 Dodging
 - Level 3.4 Stealth
 + Level 25.9 Evocations


You had 17 spell levels left.
You didn't know any spells.
Your spell library contained the following spells:

 Spells                   Type           Power        Failure   Level
 Leda's Liquefaction      Hex/Erth       #.........   100%        4
 Bolt of Magma            Conj/Fire/Erth #.........   100%        5
 Iron Shot                Conj/Erth      #.........   100%        6
 Statue Form              Tmut/Erth      #........    100%        6
 Shatter                  Erth           #.........   100%        9


Dungeon Overview and Level Annotations

Branches:
Dungeon (1/1)

Altars:
Ashenzari
Cheibriados
Dithmenos
Elyvilon
Fedhas
Gozag
Hepliaklqana
Kikubaaqudgha
Makhleb
Nemelex Xobeh
Okawaru
Qazlal
Ru
Sif Muna
Trog
Uskayaw
Vehumet
Wu Jian
Xom
Yredelemnul
Zin
The Shining One
Beogh
Jiyva
Lugonu


Innate Abilities, Weirdness & Mutations

You reflexively headbutt those who attack you in melee.
You have a pair of horns on your head.


Message History

You headbutt the flayed ghost!
The flayed ghost is severely damaged.
The flayed ghost cries, "Suffer as I suffered!"
A necrophage comes into view. 2 wraiths and 2 skeletons come into view.
An adder skeleton comes into view.
The flayed ghost completely misses you.
The flayed ghost cries, "Suffer as I suffered!"
The wraith misses you. You furiously retaliate!
You headbutt the wraith!
You see here a +0 trident.
Unknown command.
You closely miss the flayed ghost. Your headbutt misses the flayed ghost.
You slice the hellion!! You slash the wraith! You slice the adder skeleton!!
You destroy the adder skeleton!
Trog accepts your kill.
You closely miss the flayed ghost.
Your extra speed is starting to run out.
The hellion gestures at you.
The sphere of damnation explodes!
The damnation engulfs you!
You die...

.......▓
...........2...
.......▓
.........Z......
.......▓
.....W..WZ......
.......▓
......Wn....2Z..
.......▓
................
.......▓
.......2........
)......▓
.......ZZ.Z.....
.......▓
......2WW.......
.......▓
.......@........
.......▓
...▓...WW)...▓..
..▓....▓ .
▓▓...)...▓▓ .
.......▓
..▓...).....▓..
.......▓
................
.......▓
................
.......▓
........©.......
▓▓▓▓▓▓▓
▓▓▓▓▓▓▓▓▓▓▓▓▓▓▓▓


You could see 4 flayed ghosts, 2 hellions, a tormentor, 3 wraiths, a necrophage,
a leopard gecko zombie, an adder zombie, a leopard gecko skeleton, a bat
skeleton and 2 adder skeletons.

Vanquished Creatures
  An ancient lich (D)
  2 krakens (D)
  A draconian monk (D)
  3 shadow dragons (D)
  6 draconian scorchers (D)
  A balrug (D)
  4 ghost moths (D)
  5 draconian knights (D)
  5 draconian shifters (D)
  4 ghouls (D)
  5 draconian stormcallers (D)
  4 draconian annihilators (D)
  3 reapers (D)
  2 very ugly things (D)
  11 green draconians (D)
  2 entropy weavers (D)
  4 vampire knights (D)
  10 red draconians (D)
  9 purple draconians (D)
  12 white draconians (D)
  8 black draconians (D)
  A spark wasp (D)
  11 yellow draconians (D)
  6 merfolk javelineers (D)
  4 death oozes (D)
  3 fire dragons (D)
  2 merfolk impalers (D)
  An ice dragon (D)
  A hydra (D)
  A merfolk avatar (D)
  An alligator snapping turtle (D)
  A boulder beetle (shapeshifter) (D)
  A vampire mage (D)
  2 merfolk aquamancers (D)
  A thrashing horror (D)
  5 soul eaters (D)
  An iron golem (D)
  A shadow wraith (D)
  3 skeletal warriors (D)
  A wretched star (D)
  A glowing orange brain (shapeshifter) (D)
  A glowing orange brain (D)
  4 sea snakes (D)
  2 flayed ghosts (D)
  A swamp dragon (D)
  A harpy (D)
  A deep elf archer (D)
  A lindwurm (shapeshifter) (D)
  An orb spider (D)
  5 necromancers (D)
  A shining eye (D)
  11 wolf spiders (D)
  A cyclops (D)
  8 draconians (D)
  6 deep elf magi (D)
  2 manticores (D)
  A moth of wrath (D)
  A black mamba (D)
  3 rust devils (D)
  A water nymph (shapeshifter) (D)
  A merfolk siren (D)
  A smoke demon (D)
  2 hellions (D)
  2 ancient zymes (D)
  3 yaktaurs (D)
  5 demonic crawlers (D)
  4 tormentors (D)
  An ice devil (D)
  5 merfolk (D)
  3 jumping spiders (D)
  3 polar bears (D)
  5 hornets (D)
  2 wind drakes (D)
  2 slime creatures (D)
  A blink frog (D)
  2 snapping turtles (D)
  A flying skull (D)
  9 redbacks (D)
  6 tarantellas (D)
  3 vampires (D)
  6 shadows (D)
  A ynoxinul (D)
  4 wraiths (D)
  A wyvern (D)
  A hog (shapeshifter) (D)
  3 steam dragons (D)
  A golden eye (D)
  2 neqoxecs (D)
  A basilisk (shapeshifter) (D)
  A naga (D)
  An acid dragon (D)
  2 water moccasins (D)
  3 hell hounds (D)
  A floating eye (shapeshifter) (D)
  A large abomination (D)
  5 small abominations (D)
  An eye of draining (D)
  10 necrophages (D)
  2 phantoms (D)
  A centaur (D)
  2 earth elementals (D)
  6 wights (D)
  3 crimson imps (D)
  5 quasits (D)
  2 orc priests (D)
  6 iron imps (D)
  3 jellies (D)
  3 orc wizards (D)
  3 shadow imps (D)
  A white imp (D)
  2 ufetubi (D)
  2 oozes (D)
  6 adder zombies (D)
  7 adder skeletons (D)
  An orc (D)
  A ball python (D)
  7 bat skeletons (D)
  9 bat zombies (D)
  2 ball python skeletons (D)
  3 giant cockroach zombies (D)
  2 jackal zombies (D)
  2 leopard gecko skeletons (D)
  3 leopard gecko zombies (D)
  2 quokka skeletons (D)
  2 quokka zombies (D)
  7 tentacles (D)
403 creatures vanquished.

Vanquished Creatures (collateral kills)
  A very ugly thing (D)
  A green draconian (D)
  A black draconian (D)
  A yellow draconian (D)
  3 red draconians (D)
  A death ooze (D)
  A soul eater (D)
  3 orb spiders (D)
  A cyclops (D)
  A wolf spider (D)
  A hellion (D)
  3 jumping spiders (D)
  A red devil (D)
  A meliai (D)
  A hornet (D)
  A redback (D)
  A flying skull (D)
  A tarantella (D)
  A naga (D)
  A swamp drake (D)
  A shadow imp (D)
  An adder zombie (D)
  A ball python (D)
  A bat skeleton (D)
  A bat zombie (D)
31 creatures vanquished.

Vanquished Creatures (others)
  A yellow draconian (D)
  A merfolk aquamancer (D)
  An iron golem (D)
  A harpy (D)
  A necrophage (D)
  A bat skeleton (D)
  19 tentacles (D)
25 creatures vanquished.

Grand Total: 459 creatures vanquished

Notes
Turn   | Place    | Note
-------+----------+-------------------------------------------
     0 | D        | mhtbhm the Minotaur Berserker began the quest for the Orb.
     0 | D        | Reached XP level 1. HP: 19/19 MP: 0/0
     0 | D        | Found a blossoming altar of Fedhas.
     0 | D        | Banished a spatial maelstrom
     1 | D        | Found the +6 Majin-Bo {vamp, MP+6 Int+6}
     1 | D        | Found the +9 heavy crossbow "Sniper" {vorpal, Acc+∞ SInv}
     1 | D        | Found the +10 dark maul {vorpal}
     1 | D        | Found the +15 Maxwell's patent armour {-Cast -Tele rElec
                  | MR+ rCorr}
     1 | D        | Found the +18 shield of the Gong {rElec rN+ MR+ EV-5}
     1 | D        | Found the cursed +14 obsidian axe {vorpal, +Fly SInv
                  | *Curse}
     1 | D        | Found the +7 great mace "Firestarter" {inner flame, rF++}
     1 | D        | Found the +6 shillelagh "Devastator" {shatter}
     1 | D        | Found the +11 plutonium sword {*Contam Stlth-}
     1 | D        | Found the +8 lance "Wyrmbane" {slay drac, rPois rF+ rC+
                  | AC+3}
     1 | D        | Found the +9 sword of Zonguldrok {reap}
     1 | D        | Found the cursed +13 scythe of Curses {drain, *Curse}
     1 | D        | Found the +0 sword of Power
     1 | D        | Found the +7 mace of Variability {chain chaos}
     1 | D        | Found the +7 Singing Sword {vorpal, sonic wave}
     1 | D        | Found the +8 storm bow {elec, penet}
    18 | D        | Found a shimmering blue altar of Sif Muna.
    18 | D        | Found a bloodstained altar of Trog.
    18 | D        | Found a sacrificial altar of Ru.
    18 | D        | Found a stormy altar of Qazlal.
    18 | D        | Found an iron altar of Okawaru.
    20 | D        | Found a sparkling altar of Nemelex Xobeh.
    23 | D        | Found a transporter.
    23 | D        | Found an ancient bone altar of Kikubaaqudgha.
    23 | D        | Found a viscous altar of Jiyva.
    23 | D        | Found a corrupted altar of Lugonu.
    23 | D        | Found a hazy altar of Hepliaklqana.
    23 | D        | Found a burning altar of Makhleb.
    23 | D        | Found an opulent altar of Gozag.
    91 | D        | Entered arena 2.
    91 | D        | Noticed a steam dragon
    91 | D        | Noticed a steam dragon
    91 | D        | Found a transporter.
    94 | D        | Killed a steam dragon
    94 | D        | Killed a steam dragon
    95 | D        | Reached skill level 10 in Axes
    95 | D        | Reached skill level 5 in Armour
    95 | D        | Reached XP level 2. HP: 35/38 MP: 1/1
    95 | D        | Reached XP level 3. HP: 41/45 MP: 2/2
    95 | D        | Reached XP level 4. HP: 47/51 MP: 3/3
    95 | D        | Reached XP level 5. HP: 53/58 MP: 4/4
    95 | D        | Reached XP level 6. HP: 61/66 MP: 5/5
   106 | D        | Entered arena 3.
   106 | D        | Noticed a polar bear
   106 | D        | Noticed a polar bear
   106 | D        | Noticed a polar bear
   106 | D        | Found a transporter.
   111 | D        | Killed a polar bear
   111 | D        | Reached ** piety under Trog
   112 | D        | Reached skill level 10 in Fighting
   112 | D        | Reached skill level 5 in Dodging
   112 | D        | Killed a polar bear
   112 | D        | Killed a polar bear
   113 | D        | Reached XP level 7. HP: 45/77 MP: 6/6
   255 | D        | Entered arena 4.
   255 | D        | Noticed a deep elf mage
   255 | D        | Noticed a deep elf mage
   255 | D        | Noticed a deep elf mage
   255 | D        | Found a transporter.
   260 | D        | Killed a deep elf mage
   260 | D        | Reached *** piety under Trog
   261 | D        | Reached XP level 8. HP: 10/85 MP: 7/7
   263 | D        | Killed a deep elf mage
   264 | D        | Reached skill level 15 in Axes
   265 | D        | Killed a deep elf mage
   265 | D        | Reached **** piety under Trog
   266 | D        | Reached XP level 9. HP: 19/94 MP: 8/8
   578 | D        | Entered arena 5.
   578 | D        | Noticed a draconian
   578 | D        | Noticed a draconian
   578 | D        | Noticed a draconian
   578 | D        | Noticed a draconian
   578 | D        | Found a transporter.
   586 | D        | Killed a draconian
   587 | D        | Reached skill level 10 in Armour
   588 | D        | Killed a draconian
   590 | D        | Killed a draconian
   590 | D        | Reached ***** piety under Trog
   591 | D        | Killed a draconian
   592 | D        | Reached skill level 15 in Fighting
   627 | D        | Entered arena 6.
   627 | D        | Noticed a deep elf archer
   627 | D        | Noticed a deep elf mage
   627 | D        | Noticed a deep elf mage
   627 | D        | Noticed a deep elf mage
   627 | D        | Found a transporter.
   631 | D        | Killed a deep elf mage
   632 | D        | Reached XP level 10. HP: 101/105 MP: 9/9
   633 | D        | Killed a deep elf mage
   637 | D        | Killed a deep elf mage
   646 | D        | Killed a deep elf archer
   646 | D        | Received a gift from Trog
   730 | D        | Entered arena 7.
   731 | D        | Identified the +9 rapier of Pyromania {drain, Fragile rPois
                  | Int+5 SInv}
   731 | D        | Found a transporter.
   735 | D        | Reached ****** piety under Trog
   738 | D        | Received a gift from Trog
   784 | D        | Entered arena 8.
   784 | D        | Noticed a cyclops
   784 | D        | Noticed a cyclops
   785 | D        | Found a transporter.
   796 | D        | Killed a cyclops
   796 | D        | Killed a cyclops
   799 | D        | Received a gift from Trog
  1036 | D        | Entered arena 9.
  1036 | D        | Noticed a black mamba
  1037 | D        | Found a transporter.
  1038 | D        | Killed a black mamba
  1094 | D        | Entered arena 10.
  1094 | D        | Noticed a yellow draconian
  1094 | D        | Noticed a draconian
  1094 | D        | Noticed a white draconian
  1094 | D        | Noticed a draconian
  1094 | D        | Noticed a yellow draconian
  1094 | D        | Noticed a draconian
  1094 | D        | Noticed a black draconian
  1094 | D        | Noticed a draconian
  1095 | D        | Found a transporter.
  1102 | D        | Killed a black draconian
  1103 | D        | Reached XP level 11. HP: 112/116 MP: 10/10
  1106 | D        | Killed a yellow draconian
  1106 | D        | Received a gift from Trog
  1106 | D        | Killed a yellow draconian
  1114 | D        | Killed a white draconian
  1354 | D        | Entered arena 11.
  1355 | D        | Found a transporter.
  1360 | D        | Received a gift from Trog
  1382 | D        | Entered arena 12.
  1382 | D        | Noticed a fire dragon
  1382 | D        | Noticed a fire dragon
  1382 | D        | Noticed a swamp dragon
  1382 | D        | Noticed a fire dragon
  1382 | D        | Noticed an ice dragon
  1383 | D        | Noticed a seven-headed hydra
  1385 | D        | Found a transporter.
  1389 | D        | Killed a fire dragon
  1390 | D        | Reached skill level 15 in Armour
  1390 | D        | Killed a fire dragon
  1393 | D        | Killed a ten-headed hydra
  1393 | D        | Received a gift from Trog
  1394 | D        | Reached skill level 1 in Stealth
  1397 | D        | Killed a fire dragon
  1397 | D        | Killed a swamp dragon
  1398 | D        | Reached XP level 12. HP: 124/128 MP: 11/11
  1400 | D        | Killed an ice dragon
  1407 | D        | Got the amulet of Orchenli {rN+ Regen+ Str+3 Slay-4}
  1536 | D        | Entered arena 13.
  1538 | D        | Found a transporter.
  1541 | D        | Received a gift from Trog
  1546 | D        | Received a gift from Trog
  1613 | D        | Got the amulet of the Jester {Acrobat Int+5 Dex+2}
  1645 | D        | Entered arena 14.
  1671 | D        | Noticed a purple very ugly thing
  1671 | D        | Noticed an anaconda
  1671 | D        | Noticed a green very ugly thing
  1672 | D        | Noticed a brown very ugly thing
  1673 | D        | Found a transporter.
  1673 | D        | Noticed a boulder beetle
  1673 | D        | an anaconda changed into a boulder beetle
  1678 | D        | Killed a purple very ugly thing
  1678 | D        | Received a gift from Trog
  1679 | D        | Reached skill level 1 in Evocations
  1680 | D        | Killed a boulder beetle
  1682 | D        | Killed a green very ugly thing
  1685 | D        | Killed a brown very ugly thing
  1686 | D        | Received a gift from Trog
  1728 | D        | Got the +2 pair of gloves of Gyulod {*Contam rC+ Stlth+}
  1883 | D        | Entered arena 15.
  1886 | D        | Found a transporter.
  1889 | D        | Received a gift from Trog
  1895 | D        | Received a gift from Trog
  1937 | D        | Got a crude battleaxe {god gift}
  1938 | D        | Identified the +1 battleaxe of Dawn {vorpal, +Fly Dex+3}
                  | (Trog gifted it to you in the Dungeon)
  2012 | D        | Entered arena 16.
  2014 | D        | Noticed a ghost moth
  2015 | D        | Found a transporter.
  2019 | D        | Received a gift from Trog
  2021 | D        | Reached XP level 13. HP: 125/141 MP: 0/12
  2022 | D        | Killed a ghost moth
  2023 | D        | Received a gift from Trog
  2035 | D        | Got the +10 broad axe of Vautoz {vorpal, MR+}
  2091 | D        | Reached XP level 14. HP: 151/151 MP: 9/13
  2095 | D        | Entered arena 17.
  2106 | D        | Found a transporter.
  2107 | D        | Received a gift from Trog
  2111 | D        | Received a gift from Trog
  2221 | D        | Got the cursed +0 hat "Biulosir" {+Inv rElec rF+++ Int-2}
  2234 | D        | Got the ring of Jeahon {Ice Dex+3}
  2271 | D        | Entered arena 18.
  2274 | D        | Noticed a vampire knight
  2275 | D        | Noticed a vampire knight
  2275 | D        | Identified the cursed +2 hand crossbow of Interdependent
                  | Arising {elec, MP-9 Dex+5}
  2275 | D        | Noticed a vampire knight
  2277 | D        | Found a transporter.
  2279 | D        | Received a gift from Trog
  2282 | D        | Received a gift from Trog
  2284 | D        | Killed a vampire knight
  2284 | D        | Killed a vampire knight
  2286 | D        | Killed a vampire knight
  2286 | D        | Received a gift from Trog
  2594 | D        | Entered arena 19.
  2599 | D        | Noticed a vampire knight
  2600 | D        | Identified the +5 trident of Qov Pial {freeze, MR+ Str+4}
  2601 | D        | Identified the cursed +3 trident "Katu" {freeze, Str+4}
  2602 | D        | Received a gift from Trog
  2602 | D        | Received a gift from Trog
  2604 | D        | Received a gift from Trog
  2605 | D        | Found a transporter.
  2609 | D        | Killed a vampire knight
  2612 | D        | Received a gift from Trog
  2664 | D        | Got a warped battleaxe {god gift}
  2665 | D        | Identified the +11 battleaxe "Jasur" {vorpal, rC+ rN++ MR-
                  | Int+3} (Trog gifted it to you in the Dungeon)
  2699 | D        | Got the amulet of Epnosec {Acrobat rF+ rN+ Str+3 Dex-4}
  2727 | D        | Entered arena 20.
  2734 | D        | Identified the +3 spear of Destruction {flame, *Corrode
                  | Str+6 Stlth+}
  2734 | D        | Identified the cursed +0 robe of Yricenil {rF+ MR+}
  2735 | D        | Identified the +8 rapier of Fimuor {drain, rPois Dex+3}
  2735 | D        | Received a gift from Trog
  2736 | D        | Reached skill level 5 in Evocations
  2739 | D        | Received a gift from Trog
  2742 | D        | Reached skill level 27 in Axes
  2746 | D        | Found a transporter.
  2894 | D        | Entered arena 21.
  2899 | D        | Found a transporter.
  2899 | D        | Noticed a reaper
  2899 | D        | Noticed a reaper
  2899 | D        | Noticed a reaper
  2899 | D        | Received a gift from Trog
  2900 | D        | Identified the cursed +1 dagger of the Thirteen Wars
                  | {speed, +Blink MR+ Int+4 Dex+3}
  2903 | D        | Received a gift from Trog
  2903 | D        | Killed a reaper
  2906 | D        | Received a gift from Trog
  2912 | D        | HP: 1/237 [reaper/+2 scythe of venom (17)]
  2913 | D        | Received a gift from Trog
  2913 | D        | Killed a reaper
  2915 | D        | Killed a reaper
  3337 | D        | Entered arena 22.
  3341 | D        | Noticed a ghoul
  3341 | D        | Noticed a ghoul
  3341 | D        | Noticed a ghoul
  3353 | D        | Killed a ghoul
  3354 | D        | Reached XP level 15. HP: 132/167 MP: 14/14
  3710 | D        | Noticed a shadow dragon
  3712 | D        | Received a gift from Trog
  3724 | D        | Received a gift from Trog
  3727 | D        | Killed a shadow dragon
  3729 | D        | Noticed a shadow dragon
  3729 | D        | Noticed a shadow dragon
  3730 | D        | Found a transporter.
  3736 | D        | Received a gift from Trog
  3744 | D        | Killed a shadow dragon
  3744 | D        | Received a gift from Trog
  3745 | D        | Killed a shadow dragon
  4122 | D        | Entered arena 23.
  4129 | D        | Noticed a kraken
  4129 | D        | Noticed a kraken
  4129 | D        | Identified the cursed +0 leather armour of the Okapi {rF+
                  | Regen+ Dex+2}
  4130 | D        | Found the +2 hood of the Assassin {Detection Stab+ Stlth++}
  4131 | D        | Received a gift from Trog
  4132 | D        | Reached skill level 10 in Dodging
  4134 | D        | Received a gift from Trog
  4135 | D        | Received a gift from Trog
  4136 | D        | Reached skill level 27 in Fighting
  4142 | D        | Received a gift from Trog
  4161 | D        | Found a transporter.
  4443 | D        | Killed a kraken
  4446 | D        | Killed a kraken
  4446 | D        | Received a gift from Trog
  4449 | D        | Got an ichor-stained war axe {god gift}
  4493 | D        | Got a bloodstained battleaxe {god gift}
  4494 | D        | Identified the +5 battleaxe of Impeachment {flame, Str+4
                  | Int+2 Dex+3} (Trog gifted it to you in the Dungeon)
  4508 | D        | Identified the +9 war axe "Efeos" {vorpal, rPois MR- Int+3
                  | Dex+4} (Trog gifted it to you in the Dungeon)
  4533 | D        | Entered arena 24.
  4539 | D        | Noticed a red draconian scorcher
  4540 | D        | Identified the cursed +0 rapier of Thoughtfulness {venom,
                  | rPois rF+++ Str-3 Dex-3}
  4540 | D        | Identified the ring of Sovaig {rElec rF+ rN++ MR- Int+4}
  4540 | D        | Identified the ring "Laqitor" {rPois Str+5 Dex+6}
  4540 | D        | Identified the ring of Zebenug {*Contam rN++ Dex+2 Stlth-}
  4540 | D        | Identified the +5 morningstar of Gouhepi {chaos, *Corrode
                  | rC++ Dex+6}
  4553 | D        | Noticed a red draconian knight
  4553 | D        | Noticed a red draconian scorcher
  4554 | D        | Identified the amulet of Geqeborr {Acrobat Slay+3}
  4554 | D        | Received a gift from Trog
  4556 | D        | Reached XP level 16. HP: 183/183 MP: 15/15
  4558 | D        | Reached skill level 27 in Armour
  4558 | D        | Reached skill level 15 in Dodging
  4559 | D        | Reached skill level 10 in Evocations
  4559 | D        | Received a gift from Trog
  4565 | D        | Received a gift from Trog
  4568 | D        | Received a gift from Trog
  4575 | D        | Received a gift from Trog
  4584 | D        | Identified the +2 rapier of Inflation {freeze, rF+ Stlth+}
  4585 | D        | Received a gift from Trog
  4594 | D        | Found a transporter.
  4601 | D        | Received a gift from Trog
  4715 | D        | Got the +1 pair of boots of Pride {rElec rC+ rCorr Int+2}
  4847 | D        | Entered arena 25.
  4862 | D        | Identified the +4 ring mail of the Kettle-Drum {Rampage
                  | Str+4 Dex+2 Stlth+}
  4865 | D        | Received a gift from Trog
  4867 | D        | Received a gift from Trog
  4870 | D        | Received a gift from Trog
  4873 | D        | Received a gift from Trog
  4880 | D        | Received a gift from Trog
  4883 | D        | Reached skill level 15 in Evocations
  4883 | D        | Found a transporter.
  4891 | D        | Received a gift from Trog
  4996 | D        | Identified the +9 battleaxe of Change {flame, rF++ Str-5}
                  | (Trog gifted it to you in the Dungeon)
  5023 | D        | Entered arena 26.
  5033 | D        | Identified the +9 great sword of the Warrior-Mage {speed,
                  | rC- Str+6 Int+3}
  5053 | D        | Reached XP level 17. HP: 191/191 MP: 16/16
  5058 | D        | Received a gift from Trog
  5064 | D        | Received a gift from Trog
  5065 | D        | Reached skill level 27 in Dodging
  5070 | D        | Received a gift from Trog
  5072 | D        | Received a gift from Trog
  5079 | D        | Received a gift from Trog
  5099 | D        | Received a gift from Trog
  5110 | D        | Received a gift from Trog
  5112 | D        | Identified the +5 short sword of the Lame Duck {venom, MR++
                  | Stlth+}
  5123 | D        | Found a transporter.
  5139 | D        | Received a gift from Trog
  5449 | D        | Entered arena 27.
  5473 | D        | Noticed an ancient lich
  5475 | D        | Received a gift from Trog
  5481 | D        | Received a gift from Trog
  5485 | D        | Killed an ancient lich
  5486 | D        | Reached XP level 18. HP: 36/200 MP: 17/17
  5491 | D        | Received a gift from Trog
  5492 | D        | HP: 11/300 [hellion/damnation (30)]
  5495 | D        | Killed from afar by a hellion

Illustrated notes

Levels and vault maps discovered:
D:        sprint_v [room_start, room_1, room_2, room_3, room_4, room_5, room_6,
          room_7, room_8, room_9, room_10, room_11, room_12, room_13, room_14,
          room_15, room_16, room_17, room_18, room_19, room_20, room_21,
          room_22, room_23, room_24, room_25, room_26, room_27]

Skill      XL: |  1  2  3  4  5  6  7  8  9 10 11 12 13 14 15 16 17 |
---------------+----------------------------------------------------+-----
Fighting       | 9 12 13 15 16 18 20 21 24 27 | 27.0
Axes           | 10 13 14 16 18 21 23 24 25 27 | 27.0
Armour         | 5 7 8 9 11 13 15 18 22 26 27 | 27.0
Dodging        | 4 5 6 14 25 27 | 27.0
Stealth        | 1 3 |  3.4
Evocations     | 2 3 6 9 15 25 | 25.9

Action                   |  1- 3 |  4- 6 |  7- 9 | 10-12 | 13-15 | 16-18 || total
-------------------------+-------+-------+-------+-------+-------+-------++-------
Melee: Broad axe         |     2 |     4 |    18 |    90 |   103 |       ||   217
       Headbutt          |       |     1 |     5 |    17 |    23 |    36 ||    82
       Executioner's axe |       |       |       |       |     6 |   142 ||   148
Invok: Berserk           |       |       |     2 |     5 |     6 |     3 ||    16
       Brothers in Arms  |       |       |       |       |     3 |    11 ||    14
       Trog's Hand       |       |       |       |       |       |     3 ||     3
Evoke: Condenser vane    |       |       |       |     2 |     6 |     1 ||     9
       Tin of tremorston |       |       |       |     2 |    11 |       ||    13
  Use: Potion            |       |       |     1 |     1 |     6 |     9 ||    17
       Scroll            |       |       |       |     7 |    16 |    12 ||    35
 Stab: Distracted        |       |       |       |     1 |       |     2 ||     3
       Confused          |       |       |       |     4 |       |       ||     4
       Invisible         |       |       |       |       |     1 |       ||     1
Armor: Gold dragon scale |     6 |    22 |    24 |    83 |   176 |   164 ||   475
Dodge: Dodged            |     1 |    14 |     5 |    56 |   139 |   156 ||   371
       Repelled          |       |       |       |       |       |     4 ||     4

Table legend: (Time is in decaauts)
 A = Elapsed time spent in this place.
 B = Non-inter-level travel time spent in this place.
 C = Inter-level travel time spent in this place.
 D = Time resting spent in this place.
 E = Time spent auto-exploring this place.
 F = Levels seen in this place.
 G = Mean time per level.
                   A        B        C        D        E       F      G
               +--------+--------+--------+--------+--------+-----+--------+
         Total |   5523 |   5523 |      0 |   3574 |      0 |   1 | 5523.0 |
       Dungeon |   5523 |   5523 |      0 |   3574 |      0 |   1 | 5523.0 |
               +--------+--------+--------+--------+--------+-----+--------+

Top non-repeatable levels by time:
       D: 5523 daAuts
